[Event "Team 45 45 League T24"]
[Site "Internet Chess Club"]
[Date "2004.10.08"]
[Round "5"]
[White "Baffler"]
[Black "phoenix10q72"]
[Result "1-0"]
[WhiteElo "2168"]
[BlackElo "2371"]
[TimeControl "2700+45"]

1. e4 c5 2. Nc3 a6 3. Nf3 d6 4. d4 cxd4 5. Nxd4 Nf6 6. Be2 e5 7. Nb3 Be7 8. O-O
O-O 9. Bg5 Be6 10. f4 exf4 11. Bxf4 Nc6 12. Kh1 Rc8 13. Nd5 Nxe4 14. Bf3 Bxd5
15. Qxd5 Nf6 16. Qd2 d5 17. Rad1 Re8 18. c3 Na5 19. Nd4 Nc4 20. Qf2 Nd6 21. Bxd5
Nxd5 22. Bxd6 Nf6 23. Nf5 Ne4 24. Nh6+ Kh8 25. Nxf7+ Kg8 26. Qf5 Nxd6 27. Rxd6
Qc7 28. Rd7 Qc6 29. Nd6 Rf8 30. Nxc8 Qxd7 31. Qd5+ Qxd5 32. Nxe7+ Kh8 33. Rxf8+
{Black resigns} 1-0

[Event "Team 45 45 League T24"]
[Site "Internet Chess Club"]
[Date "2004.10.11"]
[Round "5"]
[White "hondocando"]
[Black "CraigCKlein"]
[Result "1/2-1/2"]
[WhiteElo "1657"]
[BlackElo "1787"]
[TimeControl "2700+45"]

1. e4 c5 2. Nf3 e6 3. d4 cxd4 4. Nxd4 a6 5. Be2 Nf6 6. Nc3 Bb4 7. Bg5 h6 8. Bxf6
Qxf6 9. Qd3 b5 10. O-O Bb7 11. Bf3 Nc6 12. Nxc6 Bxc6 13. a3 Ba5 14. b4 Bc7 15.
a4 Be5 16. Ra3 Bxc3 17. Rxc3 O-O 18. a5 Rac8 19. Ra3 Rfd8 20. Raa1 d5 21. exd5
Bxd5 22. Bxd5 Rxd5 23. Qe2 Rc4 24. Rfd1 Qd8 25. Rxd5 Qxd5 26. Rd1 Qf5 27. Rd8+
Kh7 28. Rd6 Rxb4 29. g3 Rc4 30. Qd3 Rxc2 31. Qxf5+ exf5 32. Rxa6 b4 33. Rb6 Rc5
34. a6 Ra5 35. Kf1 b3 36. a7 Rxa7 37. Rxb3 Ra2 38. Kg2 g5 39. Rb6 f6 40. Rxf6
Ra5 {Game drawn by mutual agreement} 1/2-1/2

[Event "Team 45 45 League T24"]
[Site "Internet Chess Club"]
[Date "2004.10.07"]
[Round "5"]
[White "Pilgrim"]
[Black "WarHawk"]
[Result "0-1"]
[WhiteElo "1583"]
[BlackElo "1625"]
[TimeControl "2700+45"]

1. e4 d5 2. exd5 Qxd5 3. Nc3 Qd8 4. d4 e6 5. Nf3 Nf6 6. Bd3 Bb4 7. Bd2 O-O 8.
O-O b6 9. a3 Bxc3 10. Bxc3 Bb7 11. Re1 Nbd7 12. Bd2 Re8 13. c3 Qe7 14. Ng5 h6
15. Ne4 Nxe4 16. Bxe4 Bxe4 17. Rxe4 Qf6 18. Qg4 c5 19. Rae1 Rad8 20. Bf4 Kh7 21.
Bg3 Qg6 22. Qf3 Nf6 23. Rf4 cxd4 24. cxd4 Rd7 25. h4 Red8 26. h5 Qxh5 27. Qd3+
Qg6 28. Qxg6+ Kxg6 29. Bh4 Rxd4 30. Bxf6 gxf6 31. Rf3 Rd1 32. Rg3+ Kh7 33. Rxd1
Rxd1+ 34. Kh2 Rd2 35. Rf3 Rxb2 36. Rxf6 Kg7 37. Rf3 a5 38. Kh3 a4 39. Kh4 Rb3
40. Kg4 b5 41. Kf4 b4 42. axb4 Rxf3+ 43. Kxf3 a3 44. b5 a2 45. b6 a1=Q 46. b7
Qf6+ 47. Ke3 Qe5+ 48. Kf3 Qd5+ {White resigns} 0-1

[Event "Team 45 45 League T24"]
[Site "Internet Chess Club"]
[Date "2004.10.06"]
[Round "5"]
[White "David-Carioca"]
[Black "Smart"]
[Result "1-0"]
[WhiteElo "1554"]
[BlackElo "1532"]
[TimeControl "2700+45"]

1. d4 Nf6 2. c4 c5 3. d5 b5 4. Bg5 Ne4 5. Bh4 Qa5+ 6. Nd2 Nxd2 7. Qxd2 Qxd2+ 8.
Kxd2 bxc4 9. Kc3 d6 10. e4 Nd7 11. Bxc4 g6 12. f4 Bg7+ 13. Kc2 Rb8 14. Rb1 Nb6
15. Bb5+ Bd7 16. Ba6 Na4 17. b3 Nc3 18. Re1 Nxa2 19. Bc4 Nb4+ 20. Kd2 f6 21. Nf3
O-O 22. Ra1 Nc6 23. dxc6+ Kh8 24. cxd7 Rbd8 25. Rxa7 e5 26. fxe5 fxe5 27. Bxd8
Rxd8 28. Ng5 {Black resigns} 1-0

[Event "Team 45 45 League T24"]
[Site "Internet Chess Club"]
[Date "2004.10.10"]
[Round "5"]
[White "rabanito"]
[Black "f64"]
[Result "0-1"]
[WhiteElo "1493"]
[BlackElo "1542"]
[TimeControl "2700+45"]

1. e4 c5 2. Nf3 d6 3. d4 cxd4 4. Nxd4 Nf6 5. Nc3 a6 6. Be2 Nc6 7. Nxc6 bxc6 8.
Be3 Rb8 9. b3 g6 10. h3 Bg7 11. f3 Qa5 12. Bd2 Qb6 13. Qc1 Nh5 14. Na4 Qa7 15.
Bc3 O-O 16. Bxg7 Kxg7 17. Qb2+ Kg8 18. O-O-O Ng3 19. Rhe1 Qf2 20. Qd4 Nxe2+ 21.
Rxe2 Qxe2 22. Rd2 c5 23. Qc3 Qf1+ 24. Kb2 Bd7 25. Nxc5 dxc5 26. Rxd7 Qxg2 27. h4
Rbd8 28. Rxd8 Rxd8 29. Qxc5 Qxf3 30. Qxe7 Qd1 31. e5 Qd7 32. Qg5 Re8 33. h5 Qf5
34. Qd2 Qxe5+ 35. Ka3 g5 36. h6 g4 37. Qd1 Qg5 38. Qd7 Qe7+ 39. Qxe7 Rxe7 {White
resigns} 0-1

[Event "Team 45 45 League T24"]
[Site "Internet Chess Club"]
[Date "2004.10.16"]
[Round "5"]
[White "Gandalf"]
[Black "burnsja2003"]
[Result "1-0"]
[WhiteElo "1868"]
[BlackElo "1620"]
[TimeControl "2700+45"]

1. d4 d5 2. Nf3 e6 3. Bg5 Nf6 4. e3 Be7 5. Nbd2 O-O 6. Bd3 Bc5 7. dxc5 Nc6 8. e4
h6 9. Bh4 g5 10. Bg3 Re8 11. O-O Nd7 12. exd5 exd5 13. Nb3 Qf6 14. c3 Nde5 15.
Nxe5 Nxe5 16. Re1 Bd7 17. Bxe5 Rxe5 18. Rxe5 Qxe5 19. Qe2 Qf6 20. Re1 Re8 21.
Qd2 c6 22. Rxe8+ Bxe8 23. Qe2 Bd7 24. Nd4 Kf8 25. h3 Qg7 26. Qf3 Qe5 27. Qe3 Qf6
28. Nf3 g4 29. Qe5 Qxe5 30. Nxe5 Be6 31. hxg4 f6 32. Ng6+ Kg7 33. f3 {Black
resigns} 1-0

[Event "Team 45 45 League T24"]
[Site "Internet Chess Club"]
[Date "2004.10.11"]
[Round "5"]
[White "clarinetref"]
[Black "cgf"]
[Result "1/2-1/2"]
[WhiteElo "1418"]
[BlackElo "1416"]
[TimeControl "2700+45"]

1. Nf3 Nf6 2. c4 e6 3. g3 d5 4. b3 Bd6 5. Bg2 Nbd7 6. Na3 c6 7. Nc2 e5 8. cxd5
Nxd5 9. Ba3 Bxa3 10. Nxa3 e4 11. Nd4 N7f6 12. O-O O-O 13. e3 Bg4 14. Qc2 Re8 15.
h3 Bd7 16. Rac1 Qc8 17. Nb1 Bxh3 18. Nc3 Bxg2 19. Kxg2 h6 20. Rh1 Qd7 21. Rh4
Rac8 22. Nxe4 Nxe4 23. Rxe4 Rxe4 24. Qxe4 Re8 25. Qf3 g6 26. e4 Nc7 27. d3 Ne6
28. Nc2 Ng5 29. Qf4 Qh3+ 30. Kg1 Re5 31. Nd4 Ra5 32. Rc2 c5 33. Nf3 Nxf3+ 34.
Qxf3 Qe6 35. Qe3 h5 36. Rxc5 Rxc5 37. Qxc5 a6 38. Qc4 Qd7 39. Kg2 h4 40. e5 hxg3
41. fxg3 b5 42. Qe4 Kg7 43. d4 Qc7 44. Kf3 Qc3+ 45. Qe3 Qc6+ 46. Ke2 Qc2+ 47.
Qd2 Qe4+ 48. Qe3 Qc2+ 49. Qd2 Qe4+ 50. Kd1 Qb1+ 51. Ke2 Qe4+ 52. Qe3 Qc2+ 53.
Kf3 Qf5+ 54. Qf4 Qd3+ 55. Kg4 Qe2+ 56. Kh3 Qh5+ 57. Qh4 Qd1 58. Qf6+ Kf8 59.
Qh8+ Ke7 60. Qf6+ Kf8 61. Qd6+ Kg7 62. d5 Qh5+ 63. Kg2 Qe2+ 64. Kg1 Qe1+ 65. Kg2
Qe2+ 66. Kh3 Qh5+ 67. Kg2 Qe2+ 68. Kg1 Qe1+ 69. Kg2 Qe2+ 70. Kg1 Qe1+ 71. Kh2
Qe2+ 72. Kh3 Qh5+ {Game drawn by repetition} 1/2-1/2

[Event "Team 45 45 League T24"]
[Site "Internet Chess Club"]
[Date "2004.10.07"]
[Round "5"]
[White "Hoyler"]
[Black "bigarrow"]
[Result "0-1"]
[WhiteElo "1706"]
[BlackElo "1780"]
[TimeControl "2700+45"]

1. d4 Nf6 2. c4 c5 3. d5 b5 4. cxb5 a6 5. bxa6 g6 6. Nf3 Bxa6 7. Nc3 d6 8. Bg5
Bg7 9. Qd2 h6 10. Bh4 Nbd7 11. e4 Bxf1 12. Kxf1 O-O 13. h3 Kh7 14. g4 Ne8 15. g5
h5 16. Qc2 Qa5 17. Kg2 Nc7 18. Bg3 Rfb8 19. Bf4 Ra7 20. Bd2 Rab7 21. Rhb1 e6 22.
dxe6 Nxe6 23. Nd5 Qd8 24. Bc3 Bxc3 25. Qxc3 Nxg5 26. Nxg5+ Qxg5+ 27. Kh2 Qh4 28.
Qc2 Ne5 29. b3 Nf3+ 30. Kg2 Ng5 31. Nf6+ Kh6 32. Qd3 Re7 33. Re1 Re6 34. Re3
Rxf6 {White resigns} 0-1

[Event "Team 45 45 League T24"]
[Site "Internet Chess Club"]
[Date "2004.10.09"]
[Round "5"]
[White "Steinwitz"]
[Black "NESKAYA"]
[Result "1-0"]
[WhiteElo "1831"]
[BlackElo "1635"]
[TimeControl "2700+45"]

1. e4 e5 2. Nf3 d6 3. d4 exd4 4. Nxd4 Nf6 5. Nc3 Be7 6. Bc4 O-O 7. O-O c6 8. Qf3
b5 9. Bd3 Bb7 10. Qg3 Re8 11. Bh6 g6 12. f4 b4 13. Nce2 c5 14. Nf3 Nxe4 15. Qe1
Bf6 16. c3 bxc3 17. bxc3 Nxc3 18. f5 Nxe2+ 19. Bxe2 Bxa1 20. Qxa1 f6 21. Qb2 Be4
22. Ng5 Nd7 23. Qb3+ d5 24. Bc4 fxg5 25. Bxd5+ Bxd5 26. Qxd5+ Kh8 27. fxg6 hxg6
28. Rf7 Ne5 29. Bg7+ Kg8 30. Rd7+ Kh7 31. Bxe5+ Kh6 32. Rxd8 Raxd8 33. Qxc5 Rf8
34. h3 Rd1+ 35. Kh2 Rf5 36. Qc2 Rff1 37. Bb8 Rc1 38. Qb2 g4 39. Bxa7 gxh3 40.
Qh8+ Kg5 41. Be3+ Kf5 42. Bxc1 hxg2 43. Qh3+ Kf6 44. Bb2+ {Black resigns} 1-0

[Event "Team 45 45 League T24"]
[Site "Internet Chess Club"]
[Date "2004.10.09"]
[Round "5"]
[White "bmw2002"]
[Black "john-beebs"]
[Result "0-1"]
[WhiteElo "1557"]
[BlackElo "1577"]
[TimeControl "2700+45"]

1. c4 Nf6 2. g3 e5 3. Bg2 d5 4. cxd5 Nxd5 5. Nc3 Nxc3 6. bxc3 Nc6 7. e4 Bc5 8.
Ne2 Bg4 9. h3 Qf6 10. O-O Bf3 11. d3 h5 12. h4 O-O-O 13. Bg5 Bxe2 14. Qxe2 Qd6
15. Bxd8 Qxd8 16. Qd2 Bb6 17. Rad1 Ba5 18. Qb2 g5 19. hxg5 Qxg5 20. Qc1 Qg4 21.
d4 h4 22. gxh4 Rg8 23. Qg5 Rxg5 24. hxg5 Qxg5 25. d5 Ne7 26. c4 Ng6 27. Kh2 Qh4+
28. Kg1 Nf4 29. f3 Bb6+ 30. Rf2 Qxf2+ 31. Kh2 Qxg2# {White checkmated} 0-1

[Event "Team 45 45 League T24"]
[Site "Internet Chess Club"]
[Date "2004.10.09"]
[Round "5"]
[White "SpeedBlade"]
[Black "Kasparklunk"]
[Result "1/2-1/2"]
[WhiteElo "1473"]
[BlackElo "1457"]
[TimeControl "2700+45"]

1. c4 e6 2. g3 d5 3. Bg2 dxc4 4. Qa4+ Nd7 5. Qxc4 Ngf6 6. d4 Be7 7. Nf3 Nb6 8.
Qd3 h6 9. Nc3 a6 10. O-O c6 11. e4 Bd7 12. Be3 Nc8 13. Ne5 O-O 14. d5 cxd5 15.
exd5 exd5 16. Nxd5 Be6 17. Nxe7+ Qxe7 18. Rfd1 Na7 19. a3 Nb5 20. Rac1 Rad8 21.
Qe2 Rxd1+ 22. Qxd1 Rd8 23. Qe2 Bf5 24. f4 Nd4 25. Bxd4 Rxd4 26. Rd1 Rxd1+ 27.
Qxd1 Qc5+ 28. Kh1 Ne4 29. Nd3 Qd4 30. Qe2 Nxg3+ 31. hxg3 Bxd3 32. Qd2 b5 33. Kh2
Qc4 34. Qa5 Qc2 35. Qc3 Qxc3 36. bxc3 a5 37. Bc6 Bc4 38. Kg2 Kf8 39. Kf2 Ke7 40.
Ke3 Kd6 41. Be8 f6 42. Kd4 g5 43. fxg5 hxg5 44. Bg6 Be6 {Game drawn by mutual
agreement} 1/2-1/2

[Event "Team 45 45 League T24"]
[Site "Internet Chess Club"]
[Date "2004.10.09"]
[Round "5"]
[White "Thersites"]
[Black "kingfischer57"]
[Result "0-1"]
[WhiteElo "1649"]
[BlackElo "1833"]
[TimeControl "2700+45"]

1. e4 e6 2. d4 d5 3. e5 c5 4. c3 Nc6 5. Nf3 Qb6 6. Be2 cxd4 7. cxd4 Nge7 8. O-O
Nf5 9. Qa4 Nxd4 10. Nxd4 Qxd4 11. Bb5 Qxa4 12. Bxa4 Bd7 13. Bxc6 Bxc6 14. Be3
Be7 15. Nc3 O-O 16. Rfd1 b6 17. Rac1 Rac8 18. a3 Rfd8 19. b4 Be8 20. Ne2 h6 21.
Nd4 Rc4 22. Rc2 Rdc8 23. Rdc1 Rxc2 24. Rxc2 Rc4 25. Kf1 Ba4 26. Rc1 Kf8 27. Ke2
Rxc1 28. Bxc1 Ke8 29. Kd3 Kd7 30. Kc3 f6 31. f4 g5 32. g3 fxe5 33. fxe5 a5 34.
bxa5 bxa5 35. Kb2 h5 36. Bd2 Bd8 37. Nf3 g4 38. Nd4 Bb6 39. Bc3 Bc6 40. Kb3 Bc7
41. Ne2 Bb6 42. Nd4 Bd8 43. Ne2 a4+ 44. Kc2 Ke7 45. Nf4 Be8 46. Bd4 Ba5 47. Nd3
Bg6 48. Bc5+ Kd7 49. Bb4 Bxd3+ 50. Kxd3 Bb6 51. Be1 Kc6 52. Bd2 Bg1 53. Kc3 Kb5
54. Be1 Bxh2 55. Bf2 h4 56. gxh4 Bxe5+ 57. Kc2 g3 58. Bg1 Kc4 59. h5 Bf4 60. Bb6
d4 61. Bd8 g2 {White resigns} 0-1

[Event "Team 45 45 League T24"]
[Site "Internet Chess Club"]
[Date "2004.10.10"]
[Round "5"]
[White "alaskauk"]
[Black "MrAnderssen"]
[Result "0-1"]
[WhiteElo "1564"]
[BlackElo "1592"]
[TimeControl "2700+45"]

1. e4 c5 2. Nf3 Nc6 3. d4 cxd4 4. Nxd4 e5 5. Nf3 Nf6 6. Nbd2 Bc5 7. h3 d5 8.
exd5 Nxd5 9. Ne4 Bb6 10. c3 O-O 11. Bd3 Bf5 12. Qe2 Bg6 13. Bd2 f5 14. O-O-O
fxe4 15. Bxe4 Bxe4 16. Qxe4 Nf6 17. Qe2 Qc7 18. Qc4+ Kh8 19. Rhe1 e4 20. Ng5 Ne5
21. Qb3 Nd3+ 22. Kb1 Nxe1 23. Bxe1 Qe5 24. h4 Qf5 25. Ka1 Qg6 26. f4 h6 27. Ne6
Rfe8 28. Rd6 Qxg2 29. Rxb6 axb6 30. Nc7 Qf1 31. Qd1 Rad8 32. Qc1 Re7 33. a4 Red7
34. Ka2 Qc4+ 35. b3 Qxc7 36. Qe3 Qc6 37. f5 Rd1 38. Qg3 Rxe1 39. Qxe1 Re8 40.
Qe3 Qc5 41. Qg3 e3 {White resigns} 0-1

[Event "Team 45 45 League T24"]
[Site "Internet Chess Club"]
[Date "2004.10.07"]
[Round "5"]
[White "dougmo"]
[Black "nanning"]
[Result "0-1"]
[WhiteElo "1580"]
[BlackElo "1484"]
[TimeControl "2700+45"]

1. e4 c5 2. Nf3 Nc6 3. d4 cxd4 4. Nxd4 Nf6 5. Nc3 e6 6. Bg5 h6 7. Bh4 g5 8. Bg3
Bb4 9. Qd3 d5 10. Nxc6 bxc6 11. Be5 O-O 12. Qh3 Kg7 13. O-O-O Bd6 14. Bd4 e5 15.
Qe3 exd4 16. Qxd4 c5 17. Qd3 d4 18. Nd5 Nxd5 19. exd5 Bf4+ 20. Kb1 Qxd5 21. h4
Be6 22. b3 Bf5 23. Qc4 Qxc4 24. Bxc4 Be6 25. Bd3 Bd5 26. hxg5 Bxg5 27. Rh3 f5
28. g3 f4 29. g4 Rae8 30. Kb2 Be4 31. Bc4 Re5 32. f3 Bh7 33. Rh2 Re3 34. Rf2 Bg8
35. Bd3 Bd5 36. Re2 Bxf3 37. Rxe3 dxe3 38. Bc4 Rd8 {White resigns} 0-1

[Event "Team 45 45 League T24"]
[Site "Internet Chess Club"]
[Date "2004.10.09"]
[Round "5"]
[White "EyeAm"]
[Black "Blake7"]
[Result "0-1"]
[WhiteElo "1251"]
[BlackElo "1483"]
[TimeControl "2700+45"]

1. e4 e5 2. Nf3 Nc6 3. Bc4 Be7 4. d4 exd4 5. c3 d6 6. cxd4 Nf6 7. O-O Nxe4 8.
Re1 d5 9. Bb5 Bd7 10. Bxc6 Bxc6 11. Ne5 Bb5 12. Nc3 Ba6 13. Nxe4 dxe4 14. Rxe4
O-O 15. Qg4 f5 16. Qg3 fxe4 17. Bh6 Bf6 18. Re1 Qxd4 {White resigns} 0-1

[Event "Team 45 45 League T24"]
[Site "Internet Chess Club"]
[Date "2004.10.11"]
[Round "5"]
[White "Ser-Enigma"]
[Black "ChessyStud"]
[Result "0-1"]
[WhiteElo "1975"]
[BlackElo "2149"]
[TimeControl "2700+45"]

1. e4 d6 2. d4 Nf6 3. f3 g6 4. c4 Bg7 5. Nc3 O-O 6. Nge2 Nc6 7. Be3 e5 8. d5 Ne7
9. Qd2 Ne8 10. g4 f5 11. gxf5 gxf5 12. O-O-O f4 13. Bf2 Nf6 14. h4 Nh5 15. Bh3
Bxh3 16. Rxh3 Ng6 17. Rg1 Bf6 18. Rhh1 Kh8 19. Rg4 Rg8 20. Qe1 a6 21. Ng1 b5 22.
c5 dxc5 23. Bxc5 Be7 24. Qf2 Ng3 25. Bxe7 Nxh1 26. Bxd8 Nxf2 27. Bf6+ Rg7 28.
Bxg7+ Kxg7 29. Rg2 Nd3+ 30. Kd2 Nxb2 31. h5 Nc4+ 32. Ke2 Ne3 33. Rg5 Kf6 34. Nh3
Ne7 35. Nb1 c5 36. dxc6 Nxc6 37. h6 Nd4+ 38. Kf2 Rc8 39. Nd2 Rc2 40. Ke1 Rxd2
41. Kxd2 Nxf3+ {White resigns} 0-1

[Event "Team 45 45 League T24"]
[Site "Internet Chess Club"]
[Date "2004.10.11"]
[Round "5"]
[White "godkiller"]
[Black "DTK"]
[Result "1/2-1/2"]
[WhiteElo "1987"]
[BlackElo "1950"]
[TimeControl "2700+45"]

1. e4 c5 2. Nc3 Nc6 3. g3 b6 4. Bg2 Bb7 5. f4 e6 6. Nf3 Qc8 7. O-O d6 8. d3 Nf6
9. Bd2 Be7 10. h3 O-O 11. g4 Re8 12. f5 exf5 13. gxf5 Ne5 14. Kh1 Nxf3 15. Bxf3
Kh8 16. Rg1 Rg8 17. Bg5 h6 18. Bf4 g5 19. Be3 Kh7 20. Bh5 Qxf5 21. Kh2 Qe6 22.
Bg4 Qe5+ 23. Kh1 Nxg4 24. Qxg4 f5 25. Qf3 Raf8 26. Nd5 fxe4 27. Qxe4+ Qxe4+ 28.
dxe4 Bf6 29. c3 Bxd5 30. exd5 Re8 31. Rgf1 Bxc3 32. Bxc5 Bxb2 33. Rab1 Be5 34.
Ba3 Kg6 35. Rbc1 Rc8 36. Kg2 Bf4 37. Rce1 Rc2+ 38. Rf2 Rxf2+ 39. Kxf2 Rf8 40.
Kg2 Be5 41. Rc1 Rf7 42. Rc6 Rd7 43. Rc8 h5 44. Rg8+ Kh6 45. Re8 h4 46. Kf3 Rf7+
47. Kg2 Rf6 48. Re7 a5 49. Rb7 Bd4 50. Rd7 Bc5 51. Bxc5 bxc5 52. Ra7 Rf5 53.
Rxa5 Rxd5 54. a4 Rd3 55. Ra6 Kg7 56. a5 c4 57. Rc6 d5 58. a6 Rg3+ 59. Kh2 Ra3
60. Rd6 Ra2+ 61. Kg1 c3 62. Rc6 d4 63. Kf1 d3 64. Rxc3 d2 65. Ke2 Rxa6 66. Kxd2
Re6 67. Rc5 Kg6 68. Rb5 Kf6 69. Kd3 Ra6 70. Rb3 Ra5 71. Ke3 Kf5 72. Kf3 {Game
drawn by mutual agreement} 1/2-1/2

[Event "Team 45 45 League T24"]
[Site "Internet Chess Club"]
[Date "2004.10.08"]
[Round "5"]
[White "nightflier"]
[Black "Bennie90"]
[Result "0-1"]
[WhiteElo "1899"]
[BlackElo "1935"]
[TimeControl "2700+45"]

1. d4 d5 2. c4 c6 3. Nc3 Nf6 4. e3 Nbd7 5. Nf3 e6 6. Qc2 Be7 7. Be2 dxc4 8. Bxc4
b5 9. Bd3 Bb7 10. e4 Rc8 11. e5 Nd5 12. Nxd5 cxd5 13. Qd2 a5 14. O-O Qb6 15. Qe2
b4 16. Be3 O-O 17. Rad1 Rc7 18. Rfe1 Rfc8 19. Bg5 Bxg5 20. Nxg5 h6 21. Nf3 Nb8
22. Qe3 Ba6 23. Bb1 Qc6 24. g4 Qe8 25. g5 h5 26. g6 fxg6 27. Nh4 Bc4 28. Qg5 Qd8
29. Qxd8+ Rxd8 30. b3 Bb5 31. Nxg6 Rf7 32. Rc1 Nc6 33. Red1 a4 34. Rc5 Rb7 35.
Rdc1 Nxd4 36. Rc8 Rb8 37. Rxb8 Rxb8 38. Rc7 axb3 39. axb3 Nxb3 40. Ne7+ Kf8 41.
Ng6+ Kg8 42. Nf4 Nd2 43. Bg6 Nf3+ 44. Kh1 Nxe5 45. Bxh5 Bd7 46. Ne2 b3 47. f4 b2
48. Nc3 d4 49. Nb1 Bc6+ 50. Kg1 Be4 51. Nd2 b1=Q+ 52. Nxb1 Rxb1+ 53. Kf2 Nd3+
{White resigns} 0-1

[Event "Team 45 45 League T24"]
[Site "Internet Chess Club"]
[Date "2004.10.13"]
[Round "5"]
[White "Mika91"]
[Black "Nosferatu1"]
[Result "1/2-1/2"]
[WhiteElo "1881"]
[BlackElo "1816"]
[TimeControl "2700+45"]

1. e4 c5 2. Nf3 g6 3. d4 cxd4 4. Nxd4 Bg7 5. c4 Nc6 6. Be3 d6 7. Nc3 Nf6 8. Be2
Qa5 9. O-O Bd7 10. Nxc6 Bxc6 11. f3 O-O 12. Nd5 Nxd5 13. cxd5 Bb5 14. Bxb5 Qxb5
15. Rb1 Rfc8 16. Bd4 Bxd4+ 17. Qxd4 Qc5 18. Rfd1 Qxd4+ 19. Rxd4 Rc2 20. Rb4 b6
21. Ra4 Rc7 22. Kf2 Rac8 23. Kg3 a5 24. b4 axb4 25. Raxb4 Rc2 26. a4 Ra2 27.
R1b2 Rxb2 28. Rxb2 Rb8 29. Rb5 Ra8 30. Rb4 Kg7 31. Kf2 Kf6 32. Ke3 e6 33. Rxb6
Rxa4 34. Rxd6 Ra2 35. dxe6 fxe6 36. Rd2 Ra3+ 37. Kf4 e5+ 38. Kg4 Ra6 39. Rd7 h6
40. h4 h5+ 41. Kh3 Re6 42. g4 hxg4+ 43. fxg4 g5 44. hxg5+ Kxg5 45. Rg7+ Kf4 46.
Rf7+ Kxe4 47. Kh4 {Game drawn by mutual agreement} 1/2-1/2

[Event "Team 45 45 League T24"]
[Site "Internet Chess Club"]
[Date "2004.10.10"]
[Round "5"]
[White "DeepHmmm"]
[Black "AMAV"]
[Result "1-0"]
[WhiteElo "2205"]
[BlackElo "2059"]
[TimeControl "2700+45"]

1. d4 Nf6 2. c4 g6 3. Nc3 d5 4. Nf3 Bg7 5. Bg5 c5 6. Bxf6 Bxf6 7. cxd5 Qb6 8. e3
Qxb2 9. Qc1 Qxc1+ 10. Rxc1 cxd4 11. Nb5 Na6 12. Nbxd4 b6 13. Bb5+ Kf8 14. O-O
Nc5 15. Nb3 Nxb3 16. axb3 Bg4 17. Nd2 a6 18. h3 axb5 19. hxg4 Rd8 20. e4 Bd4 21.
b4 Kg7 22. Nf3 Bb2 23. Rb1 Bc3 24. Rfc1 Rc8 25. Rb3 Bf6 26. Rxc8 Rxc8 27. e5 Rc4
28. exf6+ Kxf6 29. g5+ Kf5 30. Re3 e6 31. d6 Rc1+ 32. Re1 Rc8 33. g3 Rd8 34. Kg2
e5 35. Rxe5+ Kg4 36. Nh2+ Kh5 37. Kh3 f5 38. gxf6+ Kh6 39. Ng4# {Black
checkmated} 1-0

[Event "Team 45 45 League T24"]
[Site "Internet Chess Club"]
[Date "2004.10.08"]
[Round "5"]
[White "BaroneRosso"]
[Black "HadshiHalefOmar"]
[Result "1-0"]
[WhiteElo "1943"]
[BlackElo "1902"]
[TimeControl "2700+45"]

1. d4 d5 2. c4 c6 3. Nf3 Nf6 4. e3 a6 5. Bd3 Bg4 6. Qb3 Bxf3 7. gxf3 Qc7 8. Nc3
e6 9. Bd2 dxc4 10. Bxc4 Nbd7 11. Rc1 Be7 12. Ne4 Qb6 13. Ke2 c5 14. dxc5 Qxb3
15. Bxb3 Nxe4 16. fxe4 Nxc5 17. Bc2 O-O-O 18. Ba5 Rd7 19. b4 b6 20. Bxb6 Nb7 21.
Ba4+ {Black resigns} 1-0

[Event "Team 45 45 League T24"]
[Site "Internet Chess Club"]
[Date "2004.10.11"]
[Round "5"]
[White "tourettes"]
[Black "Beetlejuice"]
[Result "0-1"]
[WhiteElo "1817"]
[BlackElo "1866"]
[TimeControl "2700+45"]

1. e4 e5 2. Nf3 Nf6 3. Nc3 Nc6 4. Bc4 Nxe4 5. Nxe4 d5 6. Bxd5 Qxd5 7. Nc3 Qa5 8.
d3 Bg4 9. h3 Bf5 10. Bd2 O-O-O 11. Ng5 Bg6 12. O-O h6 13. Nge4 f5 14. Ng3 Be7
15. a3 Qc5 16. Nh5 Rhg8 17. b4 Qd6 18. Ng3 e4 19. Be3 Qe5 20. Qd2 Qf6 21. b5 Ne5
22. d4 Nc4 23. Qc1 Bd6 24. Nge2 Bf7 25. a4 g5 26. a5 g4 27. hxg4 Rxg4 28. Bf4
Bxf4 29. Nxf4 Rxd4 30. Nce2 Rd8 31. Rd1 Rdg8 32. b6 cxb6 33. axb6 Qxb6 34. g3 h5
35. Nd5 Bxd5 36. Rxd5 Qe6 37. Rc5+ Kb8 38. Nf4 Qf7 39. Nd5 Ne5 40. Qa3 Nf3+ 41.
Kg2 a6 42. Qb3 Rh4 43. Rc7 Rh2+ 44. Kf1 Nd2+ 45. Kg1 Qxc7 46. Nxc7 Nxb3 47. cxb3
Rh4 48. Nd5 Rg7 49. Ra5 f4 50. Kg2 fxg3 51. fxg3 Rhg4 52. Kf2 R4g5 53. b4 Rxg3
54. Nf4 Rf3+ {White resigns} 0-1

[Event "Team 45 45 League T24"]
[Site "Internet Chess Club"]
[Date "2004.10.09"]
[Round "5"]
[White "camembert"]
[Black "Zilch"]
[Result "0-1"]
[WhiteElo "1836"]
[BlackElo "1819"]
[TimeControl "2700+45"]

1. e4 e6 2. d4 d5 3. Nc3 dxe4 4. Nxe4 Be7 5. Nf3 Nd7 6. Bd3 Ngf6 7. Bg5 Nxe4 8.
Bxe7 Qxe7 9. Bxe4 Qb4+ 10. Qd2 Qxb2 11. O-O Nf6 12. Bd3 O-O 13. Qf4 Qc3 14. Qh4
Bd7 15. Ne5 Rfd8 16. Rab1 Bc6 17. Rb3 Qxd4 18. Qxd4 Rxd4 19. Nxc6 bxc6 20. Rfb1
Kf8 21. Rb8+ Rxb8 22. Rxb8+ Ke7 23. Rb7 Ra4 24. Rxc7+ Nd7 25. Rxc6 Rxa2 26. h4
a5 27. Bb5 Kf6 28. Rc7 Ne5 29. g3 Rb2 30. Be8 Rb8 31. Ba4 Rb4 32. Be8 Rc4 33.
Ra7 Rxc2 34. f4 Nf3+ 35. Kf1 Kf5 36. Rxf7+ Ke4 37. Re7 e5 38. Bh5 g6 39. Bxf3+
Kxf3 40. Ke1 e4 41. Rxh7 e3 42. h5 Rc1# {White checkmated} 0-1

[Event "Team 45 45 League T24"]
[Site "Internet Chess Club"]
[Date "2004.10.10"]
[Round "5"]
[White "JoshLilly"]
[Black "fledermaus"]
[Result "1/2-1/2"]
[WhiteElo "1841"]
[BlackElo "2045"]
[TimeControl "2700+45"]

1. c4 e5 2. Nc3 Nc6 3. g3 g6 4. Bg2 Bg7 5. e4 Nge7 6. Nge2 d6 7. O-O Be6 8. d3
O-O 9. Nd5 Qd7 10. Bh6 f5 11. Bxg7 Kxg7 12. Nec3 Nd4 13. exf5 Nexf5 14. Ne3 Nxe3
15. fxe3 Bg4 16. Qd2 Nf3+ 17. Bxf3 Bxf3 18. Rf2 Rf7 19. Raf1 Raf8 20. e4 Bg4 21.
Rxf7+ Rxf7 22. Rxf7+ Qxf7 23. Qf2 c6 24. Qxf7+ Kxf7 25. Kf2 Bh3 26. Ke3 Bf1 27.
b4 Kf6 28. h4 g5 29. Ne2 gxh4 30. gxh4 Bh3 31. Ng3 Be6 32. a3 b6 33. Kd2 c5 34.
b5 Bc8 35. Kc3 Bg4 36. Kd2 Bc8 37. Kc3 {Game drawn by mutual agreement} 1/2-1/2

[Event "Team 45 45 League T24"]
[Site "Internet Chess Club"]
[Date "2004.10.10"]
[Round "5"]
[White "TheDwarf"]
[Black "mitdale"]
[Result "0-1"]
[WhiteElo "1792"]
[BlackElo "1712"]
[TimeControl "2700+45"]

1. d4 Nf6 2. e3 g6 3. f4 Bg7 4. Nf3 O-O 5. Bd3 d6 6. c4 Nbd7 7. b4 Re8 8. f5 c6
9. Bb2 e6 10. fxg6 fxg6 11. e4 e5 12. d5 a6 13. a4 Ng4 14. Bc1 Qb6 15. Qe2 Qxb4+
16. Bd2 Qb6 17. Ng5 Ndf6 18. h3 Nh6 19. Be3 Qb4+ 20. Nd2 Nh5 21. Kf2 Rf8+ 22.
Ngf3 Nf4 23. Bxf4 exf4 24. Ra2 Qb6+ 25. Kf1 Bd7 26. Qf2 c5 27. Ke2 Nf7 28. Rb1
Qc7 29. a5 Ne5 30. Rb6 Rab8 31. Ra3 Rbe8 32. Rab3 Bc8 33. Nxe5 Bxe5 34. Nf3 Bf6
35. Bc2 Bd8 36. Rb1 Qe7 37. Qh4 Qxh4 38. Nxh4 Bxh4 39. Rxd6 Be7 40. Rdb6 Bd8 41.
Rxb7 Bxb7 42. Rxb7 Bxa5 43. Kf3 Bc3 44. Rb6 a5 45. d6 Rd8 46. Rc6 Bd4 47. e5
Bxe5 48. Rxc5 Bxd6 49. Rxa5 Rc8 50. Bb3 Kh8 51. Ke4 Rfd8 52. Ra6 Rb8 53. Ba4 Ra8
54. Rxa8 Rxa8 55. Bb5 Ra2 56. Kd5 Bb8 57. c5 Rxg2 {White resigns} 0-1

[Event "Team 45 45 League T24"]
[Site "Internet Chess Club"]
[Date "2004.10.09"]
[Round "5"]
[White "Chess2Play"]
[Black "Winclick"]
[Result "1-0"]
[WhiteElo "1693"]
[BlackElo "1703"]
[TimeControl "2700+45"]

1. d4 e6 2. c4 Nf6 3. Bg5 Bb4+ 4. Nc3 c5 5. e3 h6 6. Bh4 g5 7. Bg3 Ne4 8. Qc2
Bxc3+ 9. bxc3 Nxg3 10. hxg3 d6 11. Rd1 Nd7 12. Qa4 Qf6 13. Ne2 O-O 14. Nc1 e5
15. Be2 Nb6 16. Qb3 Bf5 17. dxc5 dxc5 18. Bf3 e4 19. Be2 Qe6 20. O-O a5 21. Qb5
Rfc8 22. Nb3 Nd7 23. g4 Ne5 24. gxf5 Qxf5 25. Rd5 Qf6 26. Rxc5 Rd8 27. Rxe5 a4
28. Nd4 b6 29. Rf5 Qg6 30. Qc6 Qxc6 31. Nxc6 Rd2 32. Bh5 Rxa2 33. c5 bxc5 34.
Bxf7+ {Black resigns} 1-0

[Event "Team 45 45 League T24"]
[Site "Internet Chess Club"]
[Date "2004.10.10"]
[Round "5"]
[White "bmw2002"]
[Black "Xidnan"]
[Result "0-1"]
[WhiteElo "1524"]
[BlackElo "1515"]
[TimeControl "2700+45"]

1. c4 g6 2. e4 Bg7 3. Nf3 Nc6 4. d4 d6 5. Be3 Bg4 6. Be2 Nf6 7. Nc3 O-O 8. O-O
Bxf3 9. Bxf3 e5 10. d5 Ne7 11. b4 Rc8 12. Bxa7 b6 13. c5 Ra8 14. cxb6 cxb6 15.
Nb5 Qd7 16. Bxb6 Qxb5 17. Ba5 Nd7 18. a4 Qb7 19. Qd2 Nb6 20. Rfc1 f5 21. exf5
Nxf5 22. Bxb6 Ra6 23. a5 Rxb6 24. axb6 Bh6 25. Qc3 Bxc1 26. Rxc1 Qxb6 27. Be2
Ne7 28. b5 Qxf2+ 29. Kh1 Qxe2 {White resigns} 0-1